 Dungeon Crawl Stone Soup version 0.23.2-1-ga50397a (webtiles) character file.

Game seed: 757661389679633083

95 dvd the Chiller (level 4, 0/31 HPs)
             Began as a Demonspawn Ice Elementalist on May 4, 2019.
             Slain by a jackal (3 damage)
             ... on level 2 of the Dungeon.
             The game lasted 00:05:09 (1915 turns).

dvd the Chiller (Demonspawn Ice Elementalist)       Turns: 1915, Time: 00:05:09

Health: 0/31       AC:  2    Str: 10    XL:     4   Next: 39%
Magic:  2/8        EV: 12    Int: 16    God:
Gold:   90         SH:  0    Dex: 13    Spells: 3/9 levels left

rFire    . . .     SeeInvis .   b - +0 short sword
rCold    . . .     Gourm    .   (no shield)
rNeg     . . .     Faith    .   i - +0 robe (curse)
rPois    .         Spirit   .   (no helmet)
rElec    .         Reflect  .   (no cloak)
rCorr    .         Harm     .   (no gloves)
MR       .....                  (no boots)
Stlth    ++........             (no amulet)
HPRegen  0.10/turn              (no ring)
MPRegen  0.11/turn              (no ring)

@: no status effects
A: powered by pain 1
a: no special abilities


You were on level 2 of the Dungeon.
You were hungry.

You visited 1 branch of the dungeon, and saw 2 of its levels.

You collected 90 gold pieces.

Inventory:

Hand Weapons
 b - a +0 short sword (weapon)
Armour
 a - a +0 robe
 i - a cursed +0 robe (worn)
Scrolls
 e - 3 scrolls of fog {unknown}
 g - 2 scrolls of identify {unknown}
 k - a scroll of teleportation {unknown}
 m - a scroll of magic mapping {unknown}
Potions
 d - a potion of haste {unknown}
 f - 2 potions of degeneration {unknown}
 h - a potion of might {unknown}
 j - 2 potions of mutation {unknown}
 l - 2 potions of curing {unknown}
Comestibles
 c - 2 rations
 n - 6 chunks of flesh


   Skills:
 + Level 0.6 Fighting
 + Level 0.2 Short Blades
 + Level 2.2 Dodging
 + Level 2.2 Stealth
 + Level 3.0 Spellcasting
 + Level 1.2 Conjurations
 + Level 3.3 Ice Magic


You had 3 spell levels left.
You knew the following spells:

 Your Spells              Type           Power        Failure   Level  Hunger
a - Freeze                Ice            ##..         4%          1    #......
b - Throw Frost           Conj/Ice       #.....       11%         2    ##.....
c - Ozocubu's Armour      Chrm/Ice       #.......     28%         3    ###....

Your spell library contained the following spells:

 Spells                   Type           Power        Failure   Level  Hunger
 Throw Icicle             Conj/Ice       #.......     58%         4    #####..
 Summon Ice Beast         Ice/Summ       #.......     67%         4    #####..


Dungeon Overview and Level Annotations

Branches:
Dungeon (2/15)

Altars:


Innate Abilities, Weirdness & Mutations

You sometimes gain a little power by taking damage.


Message History

Casting: Freeze (safe; 4% risk of failure)
Confirm with . or Enter, or press ? or * to list all spells.
Aiming: Freeze (safe; 4% risk of failure)
Press: ? - help, Shift-Dir - straight line, f - hobgoblin
Aim: a hobgoblin, wielding a +0 club (severely wounded)
You freeze the hobgoblin!
You kill the hobgoblin!
The jackal bites you but does no damage.
The jackal closely misses you. The jackal bites you.
The frilled lizard bites you. The jackal misses you. The worm bites you!
* * * LOW HITPOINT WARNING * * *
The frilled lizard bites you.
* * * LOW HITPOINT WARNING * * *
The jackal misses you.
Found a scroll labeled HAELITH MINWI.
The jackal closely misses you.
There is an escape hatch in the ceiling here.
The jackal bites you.
You die...

.......................## ###....
#..8....#....#..........# ###..
#..........#............# ###
......##†..............(#########
......)....###.÷P............÷...
.....####...##...P.....<..#######
...#..###........P.P...##.# #
...##...#÷.÷.w#.8..8.(.##.# .
...h.......8..lh@.......### #
...####.#........>......# # ...#
#..................
...######.##.#..........(#
#............#............
#......................##.#
#..........#..........?#
#.<........#####....8..#
.........##


You could see a worm, a jackal and a frilled lizard.

Vanquished Creatures
  3 adders (D:2)
  An ooze (D:2)
  2 adder skeletons (D:2)
  A dart slug (D:1)
  4 leopard geckos
  2 ball pythons
  4 giant cockroaches
  4 goblins
  4 hobgoblins
  5 jackals (D:2)
  A quokka (D:2)
  A ball python skeleton (D:2)
  5 bats
  2 frilled lizards (D:1)
  3 kobolds
  11 rats
53 creatures vanquished.

Notes
Turn   | Place    | Note
-------+----------+-------------------------------------------
     0 | D:1      | dvd the Demonspawn Ice Elementalist began the quest for the
                  | Orb.
     0 | D:1      | Reached XP level 1. HP: 13/13 MP: 3/3
   186 | D:1      | Gained mutation: You sometimes gain a little power by
                  | taking damage. [demonic ancestry]
   186 | D:1      | Reached XP level 2. HP: 10/19 MP: 0/5
   324 | D:1      | Learned a level 2 spell: Throw Frost
  1021 | D:2      | Reached XP level 3. HP: 21/24 MP: 0/6
  1343 | D:2      | Reached XP level 4. HP: 18/30 MP: 2/8
  1562 | D:2      | Learned a level 3 spell: Ozocubu's Armour
  1915 | D:2      | Slain by a jackal

Skill      XL: |  1  2  3  4 |
---------------+-------------+-----
Ice Magic      | 3 |  3.3
Dodging        | 2 |  2.2
Stealth        | 2 |  2.2
Spellcasting   | 3 |  3.0
Fighting       | |  0.6
Short Blades   | |  0.2
Conjurations   | |  1.2

Action                   |  1- 3 |  4- 6 || total
-------------------------+-------+-------++-------
Melee: Short sword       |    53 |    25 ||    78
 Cast: Freeze            |    35 |    17 ||    52
       Throw Frost       |    10 |     3 ||    13
       Ozocubu's Armour  |       |     2 ||     2
 Stab: Sleeping          |     2 |     1 ||     3
  Eat: Chunk             |     2 |     2 ||     4
Armor: Robe              |    10 |    15 ||    25
Dodge: Dodged            |    51 |    30 ||    81
